 Dungeon Crawl Stone Soup version 0.22-a0-877-g5c4e1af (webtiles) character file.

11120 jjfam the Cleaver (level 11, -3/101 HPs)
             Began as a Minotaur Berserker on July 29, 2018.
             Was an Elder of Trog.
             Slain by a death yak (17 damage)
             ... on level 10 of the Dungeon.
             The game lasted 00:20:08 (11228 turns).

jjfam the Cleaver (Minotaur Berserker)             Turns: 11228, Time: 00:20:09

Health: -3/101     AC: 11    Str: 23    XL:     11   Next: 45%
Magic:  10/10      EV: 16    Int:  4    God:    Trog [****..]
Gold:   256        SH:  0    Dex: 16    Spells: 10/10 levels left

rFire    . . .     SeeInvis .   u - +3 war axe (chop)
rCold    + . .     Gourm    .   (no shield)
rNeg     . . .     Faith    .   F - +3 ring mail "Anoneop" {rElec rF+ Dex+4}
rPois    .         Spirit   .   (helmet restricted)
rElec    +         Reflect  .   (no cloak)
rCorr    .         Harm     .   k - +0 pair of gloves
MR       .....                  (no boots)
Stlth    ++........             (no amulet)
HPRegen  0.26/turn              x - ring of ice
MPRegen  0.12/turn              (no ring)

@: no status effects
A: retaliatory headbutt, horns 2
a: Berserk, Trog's Hand, Brothers in Arms, Renounce Religion


You were on level 10 of the Dungeon.
You worshipped Trog.
Trog was greatly pleased with you.
You were very hungry.

You visited 1 branch of the dungeon, and saw 10 of its levels.

You collected 445 gold pieces.
You spent 189 gold pieces at shops.

Inventory:

Hand Weapons
 a - a +0 hand axe
 u - a +3 war axe of chopping (weapon)
Armour
 k - a +0 pair of gloves (worn)
 w - a +0 scale mail
 F - the +3 ring mail "Anoneop" (worn) {rElec rF+ Dex+4}
   (You bought it in a shop on level 7 of the Dungeon)

   It affects your dexterity (+4).
   It protects you from fire.
   It insulates you from electricity.
Jewellery
 x - a ring of ice (left hand)
 J - an uncursed ring of teleportation
Wands
 b - a wand of scattershot (6)
 m - a wand of disintegration (23)
 n - a wand of flame (49)
 C - a wand of random effects (13)
 K - a wand of digging (8)
Scrolls
 e - 2 scrolls of remove curse
 i - 2 scrolls of magic mapping
 l - 5 scrolls of teleportation {unknown}
 p - 6 scrolls of identify {unknown}
 t - a scroll of amnesia {unknown}
 v - 2 scrolls of blinking {unknown}
 y - a scroll of noise {unknown}
 D - a scroll of fog {unknown}
 H - a scroll of enchant armour {unknown}
 I - a scroll of fear {unknown}
Potions
 d - 2 potions of brilliance {unknown}
 f - 7 potions of curing {unknown}
 g - 5 potions of heal wounds {unknown}
 h - a potion of agility {unknown}
 o - 3 potions of might {unknown}
 q - a potion of cancellation {unknown}
 r - a potion of invisibility {unknown}
 s - a potion of magic {unknown}
 z - 2 potions of resistance {unknown}
 A - 2 potions of lignification {unknown}
 B - 4 potions of haste {unknown}
 G - 2 potions of berserk rage {unknown}
 M - a potion of ambrosia {unknown}
Miscellaneous
 L - a box of beasts
Comestibles
 c - 15 rations
 j - 11 chunks of flesh


   Skills:
 + Level 10.8 Fighting
 + Level 14.7 Axes
 + Level 7.8 Armour
 + Level 7.6 Dodging
 + Level 3.7 Stealth


You had 10 spell levels left.
You didn't know any spells.
Your spell library was empty.

Dungeon Overview and Level Annotations

Branches:
Dungeon (10/15)            Temple (0/1) D:4            Lair (0/6) D:10
    Orc (0/2) D:9

Altars:
Dithmenos
Elyvilon
Gozag
Ru
Trog
Uskayaw
Vehumet
Wu Jian
Xom
Yredelemnul

Shops:
D:7 [   D:8 !*!?[

Annotations:
D:3 1 exclusion


Innate Abilities, Weirdness & Mutations

You reflexively headbutt those who attack you in melee.
You have a pair of horns on your head.


Message History

The death yak completely misses you.
You hit the death yak but do no damage.
You headbutt the death yak, but do no damage.
The death yak is lightly wounded.
The death yak gores you!!
You slash the death yak! Your headbutt misses the death yak.
The death yak is moderately wounded.
The death yak gores you but does no damage.
You hit the death yak but do no damage. You headbutt the death yak.
The death yak is heavily wounded.
Your two-headed ogre is no longer berserk.
You are feeling very hungry.
You slash the death yak!
The death yak is heavily wounded.
The death yak gores you!!
* * * LOW HITPOINT WARNING * * *
You barely miss the death yak. You headbutt the death yak!
The death yak is severely wounded.
The death yak gores you!
You die...

#..# #+# ##.## #.# #..# #.##
#.## #†r## ###.#########
##††O# #....(......#
#OY.r##### #.......)...#
#.........
#...........<..####........#
####..........O@Yrr........#
#...........###.......(.#
#...........# ##.........
#########.### #..%.>.... #.#
#......... ..# #......)..
####


You could see a death yak, 2 river rats and a friendly two-headed ogre.

Vanquished Creatures
  Harold (D:8)
  Erica (D:8)
  A two-headed ogre (D:9)
  2 death yaks (D:10)
  A gargoyle (D:10)
  2 hippogriffs (D:8)
  A spriggan (D:8)
  A spriggan (shapeshifter) (D:9)
  Sigmund (D:3)
  A wyvern (D:9)
  A hungry ghost (D:8)
  Grum (D:8)
  A water moccasin (D:8)
  A porcupine (D:10)
  3 sky beasts
  4 black bears
  8 orc warriors
  2 ice beasts
  3 wolves (D:8)
  An eye of draining (D:10)
  A necrophage (D:10)
  4 ogres
  8 centaurs
  A phantom (D:4)
  2 big kobolds
  Blork the orc (D:4)
  7 bullfrogs
  A wyvern zombie (D:9)
  A gnoll sergeant (D:9)
  6 scorpions
  A wight (D:9)
  2 crimson imps
  A centaur zombie (D:9)
  3 jellies
  5 orc priests
  5 bullfrog skeletons
  A centaur skeleton (D:6)
  7 hounds
  5 orc wizards
  Jessica (D:3)
  11 worker ants
  Ijyb (D:4)
  Terence (D:3)
  A hell rat (D:10)
  A hound zombie (D:8)
  A hound skeleton (D:7)
  Robin (D:2)
  8 gnolls
  A howler monkey zombie (D:8)
  A river rat (D:10)
  9 adders
  2 shadow imps
  4 worms
  2 leopard geckos
  30 orcs
  7 giant cockroaches
  14 goblins
  9 hobgoblins
  2 jackals (D:5)
  11 kobolds
  5 quokkas
  A ball python (D:3)
  6 bats
  6 frilled lizards
  A jackal skeleton (D:5)
  2 quokka skeletons
  A quokka zombie (D:6)
  7 rats
246 creatures vanquished.

Vanquished Creatures (collateral kills)
  A two-headed ogre (D:9)
  A quokka (D:10)
2 creatures vanquished.

Grand Total: 248 creatures vanquished

Notes
Turn   | Place    | Note
-------+----------+-------------------------------------------
     0 | D:1      | jjfam the Minotaur Berserker began the quest for the Orb.
     0 | D:1      | Reached XP level 1. HP: 19/19 MP: 0/0
   287 | D:1      | Reached skill level 4 in Axes
   287 | D:1      | Reached XP level 2. HP: 26/27 MP: 1/1
   556 | D:1      | Reached ** piety under Trog
   905 | D:2      | Reached XP level 3. HP: 29/33 MP: 2/2
  1248 | D:2      | Reached skill level 5 in Axes
  1248 | D:2      | Reached XP level 4. HP: 41/41 MP: 3/3
  1410 | D:2      | Noticed Robin
  1419 | D:2      | Killed Robin
  2055 | D:3      | Noticed Jessica
  2060 | D:3      | Killed Jessica
  2060 | D:3      | Reached XP level 5. HP: 31/47 MP: 4/4
  2478 | D:3      | Noticed Sigmund
  2488 | D:3      | Killed Sigmund
  2488 | D:3      | Reached skill level 5 in Fighting
  2488 | D:3      | Reached skill level 6 in Axes
  2488 | D:3      | Reached XP level 6. HP: 6/56 MP: 5/5
  2490 | D:3      | Reached *** piety under Trog
  2943 | D:3      | Found an opulent altar of Gozag.
  2944 | D:3      | Found a hide-covered altar of Uskayaw.
  2945 | D:3      | Found a radiant altar of Vehumet.
  2945 | D:3      | Noticed Terence
  2956 | D:3      | Killed Terence
  3260 | D:4      | Reached skill level 7 in Axes
  3341 | D:4      | Noticed Ijyb
  3351 | D:4      | Killed Ijyb
  3351 | D:4      | Reached skill level 1 in Stealth
  3351 | D:4      | Reached XP level 7. HP: 49/61 MP: 6/6
  3788 | D:4      | Found a basalt altar of Yredelemnul.
  3909 | D:4      | Found a staircase to the Ecumenical Temple.
  3998 | D:4      | Noticed Blork the orc
  4008 | D:4      | Killed Blork the orc
  4088 | D:5      | Entered Level 5 of the Dungeon
  4190 | D:5      | Reached skill level 8 in Axes
  5045 | D:5      | Reached skill level 5 in Dodging
  5191 | D:5      | Reached XP level 8. HP: 70/70 MP: 7/7
  5465 | D:5      | Reached skill level 9 in Axes
  6187 | D:6      | Reached **** piety under Trog
  6217 | D:6      | Reached skill level 10 in Axes
  6689 | D:7      | Reached skill level 5 in Armour
  6731 | D:7      | Found Fani's Antique Armour Emporium.
  6736 | D:7      | Reached XP level 9. HP: 68/79 MP: 8/8
  6746 | D:7      | Bought a heavily runed ring mail for 189 gold pieces
  6756 | D:7      | Identified the +3 ring mail "Anoneop" {rElec rF+ Dex+4} (You bought it in a shop on level 7 of the Dungeon)
  7055 | D:7      | Reached skill level 11 in Axes
  7644 | D:7      | Found a white marble altar of Elyvilon.
  7644 | D:7      | Found a shimmering altar of Xom.
  7649 | D:7      | Found a faded altar of an unknown god.
  7651 | D:7      | Found a faded altar of an unknown god.
  7652 | D:7      | Found a sacrificial altar of Ru.
  8031 | D:8      | Noticed Grum
  8048 | D:8      | Killed Grum
  8050 | D:8      | Noticed Harold
  8547 | D:8      | Killed Harold
  8547 | D:8      | Reached skill level 12 in Axes
  8547 | D:8      | Reached XP level 10. HP: 36/90 MP: 9/9
  8555 | D:8      | HP: 3/90 [centaur/arrow (9)]
  8981 | D:8      | Found Buos's Magic Scroll Boutique.
  9036 | D:8      | Found Vaokics's Distillery.
  9095 | D:8      | Found Comp's General Store.
  9227 | D:8      | Found Vukkiasm's Distillery.
  9271 | D:8      | Reached ***** piety under Trog
  9508 | D:8      | Reached skill level 13 in Axes
  9556 | D:8      | Found an ornate altar of the Wu Jian Council.
  9630 | D:8      | Found Ysam Neth's Antique Armour Emporium.
  9647 | D:8      | Found a bloodstained altar of Trog.
  9723 | D:8      | Noticed Erica
  9733 | D:8      | Killed Erica
  9900 | D:8      | Found a shadowy altar of Dithmenos.
 10427 | D:9      | Noticed a two-headed ogre
 10434 | D:9      | Killed a two-headed ogre
 10434 | D:9      | Reached skill level 10 in Fighting
 10434 | D:9      | Reached XP level 11. HP: 97/99 MP: 10/10
 10627 | D:9      | Reached skill level 14 in Axes
 10648 | D:9      | Found a staircase to the Orcish Mines.
 10780 | D:9      | Noticed a two-headed ogre
 10793 | D:9      | Killed a two-headed ogre
 10958 | D:10     | Entered Level 10 of the Dungeon
 11008 | D:10     | Found a staircase to the Lair.
 11008 | D:10     | Noticed a death yak
 11008 | D:10     | Noticed a death yak
 11009 | D:10     | Noticed a death yak
 11207 | D:10     | Killed a death yak
 11220 | D:10     | Killed a death yak
 11228 | D:10     | Slain by a death yak

Vault maps used:
D:1:      lemuel_arrival_behind_the_door_small
D:2:      kennysheep_small_spiral, uniq_robin
D:3:      grunt_temple_overflow_open, hangedman_decor_slide_cut, uniq_sigmund,
          uniq_terence, uniq_jessica
D:4:      yredelemnul_altar_generic, minmay_temple_entry_glass, first_ration,
          uniq_blork_the_orc, uniq_ijyb
D:5:      lemuel_old_faithful
D:6:      glass_columns_a
D:7:      chequers_temple_overflow_minitemple, serial_shops, shop
D:8:      nicolae_overflow_crystal_walls, grunt_dithmenos_smoke,
          nicolae_overflow_hidden_temple, serial_shops, shop, shop,
          nicolae_shop_behind_doors, shop, nicolae_shop_stone, the_bakery,
          uniq_grum, uniq_erica, uniq_harold
D:9:      minmay_quarter_circles, minmay_misc_feat_roman
D:10:     dpeg_lair_monsters

Skill      XL: |  1  2  3  4  5  6  7  8  9 10 11 |
---------------+----------------------------------+-----
Axes           | 4 5 6 7 8 10 12 13 14 | 14.7
Fighting       | 4 5 6 7 8 10 | 10.8
Dodging        | 3 4 5 6 7 |  7.6
Stealth        | 1 2 3 |  3.7
Armour         | 3 5 6 7 |  7.8

Action                   |  1- 3 |  4- 6 |  7- 9 | 10-12 || total
-------------------------+-------+-------+-------+-------++-------
Melee: Hand axe          |    77 |    82 |    33 |       ||   192
       Headbutt          |    12 |    12 |    50 |    52 ||   126
       War axe           |       |       |   177 |   196 ||   373
Invok: Berserk           |       |     3 |     3 |     4 ||    10
       Trog's Hand       |       |     1 |       |     3 ||     4
       Brothers in Arms  |       |       |       |     4 ||     4
  Use: Scroll            |       |       |     3 |     1 ||     4
 Stab: Sleeping          |       |     1 |       |     5 ||     6
  Eat: Chunk             |     1 |     7 |    11 |    10 ||    29
       Ration            |       |     1 |     2 |     2 ||     5
Armor: Animal skin       |    13 |     6 |     3 |       ||    22
       Scale mail        |       |       |    33 |       ||    33
       Ring mail         |       |       |    20 |    59 ||    79
Dodge: Dodged            |    48 |    63 |   129 |   141 ||   381

Table legend:
 A = Spawn XP
 B = Non-spawn XP
 C = Spawn XP percentage of total XP
 D = Spawn monster count
 E = Non-spawn monster count
 F = Spawn count percentage of total count
 G = Total turns spent on level
                    A         B        C        D         E        F      G
               +---------+---------+-------+---------+---------+-------+---------
         Total |       0 |   15887 |   0.0 |       0 |     248 |   0.0 | 11228
               +---------+---------+-------+---------+---------+-------+---------
           D:1 |       0 |      31 |   0.0 |       0 |      22 |   0.0 |   738
           D:2 |       0 |     125 |   0.0 |       0 |      32 |   0.0 |   995
           D:3 |       0 |     381 |   0.0 |       0 |      18 |   0.0 |  1556
           D:4 |       0 |     487 |   0.0 |       0 |      11 |   0.0 |   873
           D:5 |       0 |     579 |   0.0 |       0 |      24 |   0.0 |  1514
           D:6 |       0 |     985 |   0.0 |       0 |      20 |   0.0 |   853
           D:7 |       0 |    1533 |   0.0 |       0 |      31 |   0.0 |  2323
           D:8 |       0 |    4982 |   0.0 |       0 |      35 |   0.0 |  1252
           D:9 |       0 |    3927 |   0.0 |       0 |      35 |   0.0 |   854
          D:10 |       0 |    2857 |   0.0 |       0 |      20 |   0.0 |   270
               +---------+---------+-------+---------+---------+-------+---------
